 Dungeon Crawl Stone Soup version 0.23.2-1-ga50397a (webtiles) character file.

Game seed: 3864152874793546143

11331 dvd the Destroyer (level 11, -1/133 HPs)
             Began as a Red Draconian Conjurer on May 15, 2019.
             Was a High Priest of Vehumet.
             Succumbed to a minotaur's poison
             ... in a Gauntlet on May 16, 2019.
             The game lasted 00:52:56 (13402 turns).

dvd the Destroyer (Red Draconian Conjurer)         Turns: 13402, Time: 00:52:57

Health: -1/133     AC: 12    Str: 15    XL:     11   Next: 47%
Magic:  13/31      EV: 14    Int: 19    God:    Vehumet [*****.]
Gold:   625        SH:  0    Dex: 10    Spells: 3/25 levels left

rFire    + + .     SeeInvis .   H - +9 quarterstaff (chaos)
rCold    . . .     Gourm    .   (shield currently unavailable)
rNeg     . . .     Faith    .   (armour unavailable)
rPois    .         Spirit   .   (helmet restricted)
rElec    .         Reflect  .   I - +2 cloak
rCorr    .         Harm     .   h - +1 pair of gloves
MR       +....     Rnd*Rage +   (no boots) Stlth ..........NoTele +
                                o - amulet of rage
HPRegen  0.00/turn              e - ring of magical power
MPRegen  0.22/turn              A - ring of protection from magic

@: berserking (expiring), lethally poisoned (-1 -> -48), very quick
A: breathe fire, unfitting armour, horns 2, stinger 1, berserk 1, clumsy 1, fire
resistance 2, inhibited regeneration, cold-blooded, AC +7
a: Breathe Fire, Renounce Religion, Evoke Berserk Rage


You were in a Gauntlet.
You worshipped Vehumet.
Vehumet was extremely pleased with you.
You were very hungry.

You visited 2 branches of the dungeon, and saw 11 of its levels.
You also visited: Sewer and Gauntlet.

You collected 637 gold pieces.
You spent 12 gold pieces at shops.

Inventory:

Hand Weapons
 z - a +2 flail of protection
 H - a +9 quarterstaff of chaos (weapon)
Armour
 f - the +0 shield of Fipi {rC+}
   (You found it on level 10 of the Dungeon)

   It protects you from cold.
 h - a +1 pair of gloves (worn)
 I - a +2 cloak (worn)
Jewellery
 c - an uncursed ring of stealth {unknown}
 e - a ring of magical power (left hand)
 o - an amulet of rage (around neck)
 p - a +3 ring of evasion
 A - a ring of protection from magic (right hand)
Wands
 k - a wand of enslavement (10)
 G - a wand of random effects (11)
Scrolls
 a - 2 scrolls of amnesia
 d - 4 scrolls of identify
 g - 4 scrolls of remove curse
 m - 2 scrolls of teleportation
 y - 2 scrolls of blinking
Potions
 i - a potion of lignification
 j - a potion of agility {unknown}
 v - a potion of berserk rage
 B - 2 potions of magic
 D - a potion of curing
 E - a potion of flight
 F - a potion of heal wounds
Comestibles
 b - 20 rations


   Skills:
 + Level 5.6 Fighting
   Level 1.2 Short Blades
   Level 1.0(3.3) Axes
 + Level 5.1(7.1) Maces & Flails
 + Level 7.6(8.3) Staves
 + Level 5.7 Dodging
 + Level 6.7 Stealth
 + Level 7.8 Spellcasting
 + Level 8.5 Conjurations
 + Level 2.9 Hexes
 + Level 1.2 Translocations
 + Level 1.1 Air Magic
 + Level 0.4 Poison Magic


You had 3 spell levels left.
You knew the following spells:

 Your Spells              Type           Power        Failure   Level  Hunger
a - Magic Dart            Conj           ####         1%          1    None
b - Searing Ray           Conj           #####.       1%          2    None
c - Dazzling Spray        Conj/Hex       ####..       1%          3    #......
d - Iskenderun's Mystic   Conj           #####...     1%          4    ###....
e - Force Lance           Conj/Tloc      ####....     3%          4    ###....
f - Mephitic Cloud        Conj/Pois/Air  ###.....     1%          3    #......
g - Lightning Bolt        Conj/Air       ####......   10%         5    #####..

Your spell library contained the following spells:

 Spells                   Type           Power        Failure   Level  Hunger
 Bolt of Magma            Conj/Fire/Erth ###.......   21%         5    #####..
 Fulminant Prism          Conj/Hex       ####......   2%          4    ###....


Dungeon Overview and Level Annotations

Branches:
Dungeon (10/15)            Temple (0/1) D:6            Lair (1/6) D:9
    Orc (0/2) D:10

Altars:
Cheibriados
Dithmenos
Fedhas
Gozag
Nemelex Xobeh
Okawaru
Qazlal
Ru
Vehumet
Wu Jian
Xom
Yredelemnul
Zin

Shops:
D:5 *   D:6 *(

Annotations:
D:7 3 runed translucent doors, davaitedunem's ghost, novice MiBe Gauntlet 21 runed translucent doors, 6 transporters


Innate Abilities, Weirdness & Mutations

You can breathe blasts of fire.
Your fiery red scales are hard. (AC +7)
You cannot fit into any form of body armour.
Your flesh is very heat resistant. (rF++)
You are cold-blooded and may be slowed by cold attacks.
You have a pair of horns on your head.
Your tail ends in a poisonous barb.
You tend to lose your temper in combat.
You are clumsy. (Dex -2)
You do not regenerate when monsters are visible.


Message History

* * * LOW HITPOINT WARNING * * *
You are lethally poisoned!
Something gores you.
* * * LOW HITPOINT WARNING * * *
You hit something. You freeze something.
* * * LOW HITPOINT WARNING * * *
You feel sick.
You barely miss something.
* * * LOW HITPOINT WARNING * * *
You feel sick. Something hits you!
* * * LOW HITPOINT WARNING * * *
You are more poisoned.
Something gores you.
* * * LOW HITPOINT WARNING * * *
You thump something!
Space bends around something.
* * * LOW HITPOINT WARNING * * *
You feel sick.
You are too berserk!
You closely miss something. Your headbutt misses something.
You die...

######§.# #..##§..#
#..###§.# #..##§..#
#..###§.# ##########
#....#..# #........#
#...©#..#
#.######.####....#.∩.
#.#.@{∩#.#.......#...
#.#.####.#.##...©#..#
#.#......#.##....#..#
#.########.##..###..#
#..........##..##≈..#
#############..###..#
#..##≈..# #..###..#
#≈..#


There were no monsters in sight!

Vanquished Creatures
  Erica (D:9)
  A two-headed ogre (D:10)
  The ghost of havocjr3 the Blocker, a novice GnFi of Hepliaklqana (D:8)
  An orange crystal statue (Gauntlet)
  A shining eye (Gauntlet)
  An ugly thing (D:9)
  A spiny frog (Lair:1)
  2 trolls (D:10)
  4 blink frogs (Lair:1)
  Grinder (D:6)
  A hippogriff (D:10)
  A wyvern (D:10)
  4 yaks (D:10)
  A golden eye (Gauntlet)
  A hungry ghost (D:10)
  Menkaure (D:6)
  Edmund (D:4)
  A floating eye (Gauntlet)
  A water moccasin (D:8)
  5 orc warriors
  A black bear (shapeshifter) (D:10)
  6 ogres
  2 phantoms (D:8)
  2 sky beasts
  2 black bears
  A necrophage (D:6)
  5 centaurs
  An ice beast (D:7)
  A crocodile (D:9)
  A big kobold (Sewer)
  3 bullfrogs (D:8)
  4 small abominations (Gauntlet)
  A water moccasin skeleton (D:8)
  2 scorpions
  5 wights (D:7)
  5 killer bees (D:10)
  An electric eel (D:6)
  A howler monkey (D:5)
  2 crimson imps
  A centaur zombie (D:10)
  4 bullfrog skeletons
  5 jellies
  2 centaur skeletons
  4 orc priests
  5 hounds
  Crazy Yiuf (D:6)
  2 iguanas
  12 orc wizards
  7 worker ants
  2 hound skeletons
  4 gnolls (D:10)
  12 adders
  2 shadow imps
  An adder zombie (D:5)
  7 oozes
  2 adder skeletons
  4 worms
  2 dart slugs
  5 leopard geckos
  51 orcs
  2 ball pythons
  8 giant cockroaches
  10 goblins
  6 hobgoblins
  14 jackals
  3 quokkas
  14 bats
  9 frilled lizards
  13 kobolds
  A leopard gecko skeleton (D:6)
  A quokka skeleton (D:8)
  10 rats
  A butterfly (Lair:1)
304 creatures vanquished.

Vanquished Creatures (others)
  A centaur skeleton (D:7)
  An orc (D:9)
  A plant (Lair:1)
3 creatures vanquished.

Grand Total: 307 creatures vanquished

Notes
Turn   | Place    | Note
-------+----------+-------------------------------------------
     0 | D:1      | dvd the Draconian Conjurer began the quest for the Orb.
     0 | D:1      | Reached XP level 1. HP: 14/14 MP: 3/3
   346 | D:1      | Reached XP level 2. HP: 14/20 MP: 0/5
   449 | D:1      | Learned a level 2 spell: Searing Ray
  1294 | D:1      | Reached XP level 3. HP: 27/27 MP: 6/6
  1299 | D:1      | Learned a level 3 spell: Dazzling Spray
  1838 | D:2      | Reached skill level 5 in Conjurations
  1846 | D:2      | Reached XP level 4. HP: 34/34 MP: 7/7
  2332 | D:3      | Found a radiant altar of Vehumet.
  2358 | D:3      | Became a worshipper of Vehumet
  2572 | D:3      | Reached XP level 5. HP: 39/39 MP: 9/9
  3203 | D:4      | Learned a level 4 spell: Iskenderun's Mystic Blast
  3249 | D:4      | Reached skill level 1 in Fighting
  3321 | D:4      | Reached * piety under Vehumet
  3321 | D:4      | Offered knowledge of Freeze by Vehumet.
  3325 | D:4      | Reached XP level 6. HP: 42/47 MP: 11/11
  3816 | D:4      | Noticed Edmund
  4227 | D:4      | Killed Edmund
  4227 | D:4      | Reached skill level 1 in Short Blades
  4227 | D:4      | Reached skill level 1 in Axes
  4456 | D:5      | Entered Level 5 of the Dungeon
  4459 | D:5      | Learned a level 1 spell: Freeze
  4560 | D:5      | Your scales start taking on a fiery red colour.
  4560 | D:5      | Reached XP level 7. HP: 52/52 MP: 12/12
  4560 | D:5      | Gained mutation: Your flesh is heat resistant. (rF+) [Red
                  | Draconian growth]
  4741 | D:5      | Reached skill level 1 in Maces & Flails
  4774 | D:5      | Found Loixoj's Mass Market.
  5087 | D:5      | Found a sacrificial altar of Ru.
  5105 | D:5      | Reached skill level 6 in Conjurations
  5266 | D:5      | Found a sparkling altar of Nemelex Xobeh.
  5267 | D:5      | Found an opulent altar of Gozag.
  5598 | D:5      | Offered knowledge of Sting by Vehumet.
  5598 | D:5      | Reached skill level 1 in Hexes
  5598 | D:5      | Reached XP level 8. HP: 54/61 MP: 14/14
  5657 | D:5      | Found a sacrificial altar of Ru.
  5659 | D:5      | Found an ornate altar of the Wu Jian Council.
  5662 | D:5      | Found a shimmering altar of Xom.
  5663 | D:5      | Found a basalt altar of Yredelemnul.
  5663 | D:5      | Found a blossoming altar of Fedhas.
  5663 | D:5      | Found a shadowy altar of Dithmenos.
  5666 | D:5      | Found a stormy altar of Qazlal.
  5727 | D:6      | Reached ** piety under Vehumet
  5748 | D:6      | Noticed Grinder
  5757 | D:6      | Paralysed by Grinder for 2 turns
  5761 | D:6      | Killed Grinder
  5945 | D:6      | Found a staircase to the Ecumenical Temple.
  5953 | D:6      | Found Giulu's General Store.
  5973 | D:6      | Bought a potion of degeneration for 12 gold pieces
  6073 | D:6      | Noticed Menkaure
  6076 | D:6      | Killed Menkaure
  6106 | D:6      | Reached skill level 5 in Spellcasting
  6162 | D:6      | Found a glowing drain.
  6173 | Sewer    | Entered a sewer
  6289 | Sewer    | Found a white marble altar of Elyvilon.
  6368 | D:6      | Found a runed translucent door.
  6369 | D:6      | Noticed Crazy Yiuf
  6373 | D:6      | Killed Crazy Yiuf
  6471 | D:6      | Found Enousk's Weapon Shoppe.
  6664 | D:7      | Reached XP level 9. HP: 67/70 MP: 12/16
  6724 | D:7      | Offered knowledge of Static Discharge by Vehumet.
  6976 | D:7      | Found a runed translucent gate.
  6985 | D:7      | Found an opulent altar of Gozag.
  6987 | D:7      | Found a runed translucent gate.
  6987 | D:7      | Noticed a cyan ugly thing
  6987 | D:7      | Noticed davaitedunem's ghost (novice MiBe)
  6989 | D:7      | Found a runed translucent gate.
  7090 | D:7      | Reached skill level 5 in Maces & Flails
  7331 | D:7      | Reached skill level 7 in Conjurations
  7356 | D:7      | Reached skill level 5 in Stealth
  7467 | D:7      | Learned a level 4 spell: Force Lance
  7531 | D:7      | Reached skill level 1 in Staves
  7680 | D:7      | Reached *** piety under Vehumet
  8117 | D:8      | Found a snail-covered altar of Cheibriados.
  8118 | D:8      | Found a glowing silver altar of Zin.
  8119 | D:8      | Found an iron altar of Okawaru.
  8294 | D:8      | Found a runed translucent door.
  8294 | D:8      | Noticed havocjr3's ghost (novice GnFi)
  8736 | D:8      | Killed havocjr3's ghost
  8736 | D:8      | Reached XP level 10. HP: 79/79 MP: 19/19
  8774 | D:9      | Offered knowledge of Mephitic Cloud by Vehumet.
  8869 | D:9      | Reached skill level 5 in Staves
  9005 | D:9      | Noticed Erica
  9404 | D:9      | Killed Erica
  9404 | D:9      | Reached skill level 5 in Dodging
 10083 | D:9      | Noticed a green ugly thing
 10097 | D:9      | Killed a green ugly thing
 10102 | D:9      | Reached skill level 1 in Translocations
 10429 | D:9      | Reached **** piety under Vehumet
 10440 | D:9      | Learned a level 3 spell: Mephitic Cloud
 10535 | D:9      | Found a staircase to the Lair.
 10586 | D:9      | Found a shadowy altar of Dithmenos.
 10622 | D:9      | Reached skill level 8 in Conjurations
 10761 | D:10     | Entered Level 10 of the Dungeon
 10780 | D:10     | Noticed a two-headed ogre
 10791 | D:10     | Killed a two-headed ogre
 10791 | D:10     | Reached skill level 5 in Fighting
 11160 | D:10     | Offered knowledge of Lightning Bolt by Vehumet.
 11194 | D:10     | Learned a level 5 spell: Lightning Bolt
 11243 | D:10     | Got a jewelled shield
 11246 | D:10     | Identified the +0 shield of Fipi {rC+} (You found it on
                  | level 10 of the Dungeon)
 11338 | D:10     | Reached XP level 11. HP: 55/88 MP: 19/21
 11816 | D:10     | Found a staircase to the Orcish Mines.
 12279 | Lair:1   | Entered Level 1 of the Lair of Beasts
 12355 | Lair:1   | Found a gate leading to a gauntlet.
 12365 | Gauntlet | Entered a Gauntlet
 12365 | Gauntlet | Found a large runed translucent door.
 12365 | Gauntlet | Found a large runed translucent door.
 12365 | Gauntlet | Found a large runed translucent door.
 12365 | Gauntlet | Found a large runed translucent door.
 12365 | Gauntlet | Found a large runed translucent door.
 12365 | Gauntlet | Found a large runed translucent door.
 12365 | Gauntlet | Found a transporter.
 12365 | Gauntlet | Found a large runed translucent door.
 12365 | Gauntlet | Found a large runed translucent door.
 12365 | Gauntlet | Found a runed translucent door.
 12365 | Gauntlet | Found a runed translucent gate.
 12365 | Gauntlet | Found a runed translucent gate.
 12365 | Gauntlet | Found a transporter.
 12365 | Gauntlet | Found a transporter.
 12365 | Gauntlet | Noticed a catoblepas
 12615 | Gauntlet | Found a transporter.
 12623 | Gauntlet | Found a transporter.
 12626 | Gauntlet | Found a transporter.
 12634 | Gauntlet | Found a transporter.
 12635 | Gauntlet | Noticed an orange crystal statue
 12651 | Gauntlet | Noticed a sixfirhy
 12652 | Gauntlet | Found a transporter.
 12658 | Gauntlet | Found a transporter.
 12658 | Gauntlet | Noticed a shining eye
 12660 | Gauntlet | Found a transporter.
 12669 | Gauntlet | Found a transporter.
 12671 | Gauntlet | Found a transporter.
 12675 | Gauntlet | Found a runed translucent gate.
 12679 | Gauntlet | Found a runed translucent door.
 12690 | Gauntlet | Found a large runed translucent door.
 12690 | Gauntlet | Found a large runed translucent door.
 12690 | Gauntlet | Found a large runed translucent door.
 12690 | Gauntlet | Found a large runed translucent door.
 12691 | Gauntlet | Found a large runed translucent door.
 12691 | Gauntlet | Found a large runed translucent door.
 12692 | Gauntlet | Found a large runed translucent door.
 12692 | Gauntlet | Found a large runed translucent door.
 12727 | Gauntlet | Noticed a sixfirhy
 12809 | Gauntlet | Reached skill level 1 in Air Magic
 12811 | Gauntlet | Reached ***** piety under Vehumet
 13211 | Gauntlet | Gained mutation: You tend to lose your temper in combat. [a
                  | shining eye]
 13215 | Gauntlet | Gained mutation: Your flesh is very heat resistant. (rF++)
                  | [a shining eye]
 13218 | Gauntlet | Gained mutation: You are clumsy. (Dex -2) [a shining eye]
 13223 | Gauntlet | Gained mutation: Scrolls take you a little longer to read.
                  | [a shining eye]
 13231 | Gauntlet | Gained mutation: You do not regenerate when monsters are
                  | visible. [a shining eye]
 13232 | Gauntlet | Killed a shining eye
 13232 | Gauntlet | Offered knowledge of Bolt of Magma by Vehumet.
 13269 | Gauntlet | Lost mutation: You are clumsy. (Dex -2) [potion of
                  | mutation]
 13269 | Gauntlet | Lost mutation: Scrolls take you a little longer to read.
                  | [potion of mutation]
 13269 | Gauntlet | Gained mutation: You are clumsy. (Dex -2) [potion of
                  | mutation]
 13269 | Gauntlet | Gained mutation: You have a pair of small horns on your
                  | head. [potion of mutation]
 13269 | Gauntlet | Gained mutation: Your tail ends in a poisonous barb.
                  | [potion of mutation]
 13269 | Gauntlet | Gained mutation: You have a pair of horns on your head.
                  | [potion of mutation]
 13286 | Gauntlet | Killed an orange crystal statue
 13378 | Gauntlet | Noticed a minotaur
 13400 | Gauntlet | HP: 4/133 [something (3)]
 13402 | Gauntlet | Succumbed to a minotaur's poison

Skill      XL: |  1  2  3  4  5  6  7  8  9 10 11 |
---------------+----------------------------------+-----
Stealth        | 2 3 4 5 6 |  6.7
Conjurations   | 5 6 7 8 |  8.5
Spellcasting   | 3 4 5 6 7 |  7.8
Dodging        | 2 3 4 5 |  5.7
Fighting       | 1 2 3 4 5 |  5.6
Short Blades   | 1 |  1.2
Axes           | 1 |  1.0
Maces & Flails | 2 4 5 |  5.1
Hexes          | 1 2 |  2.9
Staves         | 4 6 7 |  7.6
Translocations | 1 |  1.2
Air Magic      | 1 |  1.1
Poison Magic   | |  0.4

Action                   |  1- 3 |  4- 6 |  7- 9 | 10-12 || total
-------------------------+-------+-------+-------+-------++-------
Melee: Dagger            |    27 |     9 |       |       ||    36
       Tailslap          |     2 |     6 |    13 |    15 ||    36
       Short sword       |    12 |    12 |       |       ||    24
       Hand axe          |       |    23 |       |       ||    23
       Flail             |       |    17 |    58 |       ||    75
       Quarterstaff      |       |       |    68 |   193 ||   261
       Headbutt          |       |       |       |     4 ||     4
 Cast: Magic Dart        |    74 |    39 |    13 |     3 ||   129
       Searing Ray       |     3 |    29 |    35 |    16 ||    83
       Dazzling Spray    |       |     9 |    16 |    51 ||    76
       Iskenderun's Myst |       |     1 |     9 |    16 ||    26
       Force Lance       |       |       |       |    22 ||    22
       Mephitic Cloud    |       |       |       |    16 ||    16
       Lightning Bolt    |       |       |       |     3 ||     3
 Abil: Breathe Fire      |       |       |    24 |    15 ||    39
  Use: Scroll            |       |       |    15 |     3 ||    18
       Potion            |       |       |       |    14 ||    14
 Stab: Invisible         |       |     5 |     1 |     6 ||    12
       Sleeping          |       |     1 |     2 |     1 ||     4
       Confused          |       |       |       |     8 ||     8
       Petrified         |       |       |       |     1 ||     1
       Distracted        |       |       |       |     1 ||     1
       Petrifying        |       |       |       |     1 ||     1
  Eat: Chunk             |     4 |     8 |    20 |    18 ||    50
       Ration            |       |     1 |       |     2 ||     3
Armor: Skin              |    16 |    23 |    55 |    69 ||   163
Dodge: Dodged            |    31 |   106 |   136 |   161 ||   434
